 Dungeon Crawl Stone Soup version 0.25.1-9-gc5326a611f (webtiles) character file.

Game seed: 10088306765307647470

69 teolandon225 the Skirmisher (level 4, -1/41 HPs)
             Began as a Minotaur Berserker on Dec 26, 2020.
             Was a Believer of Trog.
             Slain by a gnoll
             ... wielding a +0 spear
              (7 damage)
             ... on level 2 of the Dungeon.
             The game lasted 00:03:02 (886 turns).

teolandon225 the Skirmisher (Minotaur Berserker)     Turns: 886, Time: 00:03:03

Health: -1/41      AC:  2    Str: 23    XL:     4   Next: 2%
Magic:  3/3        EV: 12    Int:  4    God:    Trog [**....]
Gold:   95         SH:  0    Dex:  9    Spells: 3/3 levels left

rFire    . . .     SeeInvis .   a - +0 hand axe
rCold    . . .     Gourm    .   (no shield)
rNeg     . . .     Faith    .   b - +0 animal skin
rPois    .         Spirit   .   (helmet restricted)
rElec    .         Reflect  .   (no cloak)
rCorr    .         Harm     .   (no gloves)
MR       ++...                  (no boots)
Stlth    +.........             (no amulet)
HPRegen  1.13/turn              (no ring)
MPRegen  0.08/turn              (no ring)

@: berserk cooldown, stab, regenerating, slowed, very slow
A: retaliatory headbutt, horns 2
a: Berserk, Trog's Hand, Renounce Religion


You were on level 2 of the Dungeon.
You worshipped Trog.
Trog was pleased with you.
You were very hungry.

You visited 1 branch of the dungeon, and saw 2 of its levels.

You collected 95 gold pieces.

Inventory:

Hand Weapons
 a - a +0 hand axe (weapon)
Armour
 b - a +0 animal skin (worn)
 i - a +0 robe
 m - a +0 scale mail
Scrolls
 f - a scroll of remove curse {unknown}
 j - 3 scrolls of identify {unknown}
 k - a scroll of enchant armour {unknown}
 l - a scroll of fog {unknown}
 n - a scroll of teleportation {unknown}
 p - a scroll of magic mapping {unknown}
Potions
 e - a potion of resistance {unknown}
 g - a potion of magic {unknown}
 h - a potion of lignification {unknown}
Comestibles
 c - 3 rations
 o - 7 chunks of flesh


   Skills:
 * Level 4.5 Fighting
 * Level 4.4 Axes
 + Level 3.0 Armour
 + Level 2.8 Dodging


You had 3 spell levels left.
You didn't know any spells.
Your spell library was empty.

Dungeon Overview and Level Annotations

Branches:
Dungeon (2/15)

Altars:


Innate Abilities, Weirdness & Mutations

You reflexively headbutt those who attack you in melee.
You have a pair of horns on your head.


Message History

You slash the goblin!
You kill the goblin!
Trog accepts your kill.
The gnoll hits you from afar with a +0 spear.
* * * LOW HITPOINT WARNING * * *
The gnoll hits you from afar with a +0 halberd!
* * * LOW HITPOINT WARNING * * *
Eat one of 7 chunks of flesh? (ye/n/q)
Okay, then.
Unknown command.
You are too berserk!
You feel a strong urge to attack something.
You are no longer berserk.
You are exhausted.
You feel yourself slow down.
Okay, then.
It was a potion of stabbing.
You feel ready to backstab.
The gnoll hits you from afar with a +0 spear!
You die...

#### ####### ##...## #......
##.....## ....... #.......# ..
....... #.......# #.###
.............#####.......##....
.............gg.@.............
............######.....###.# .
...........## #.......#..###..
#...........####........>......
##..............................
##................#...รท.....#....
..........<..###....).......#. ..
###..........#######..........#
###.K.g......................##


You could see 2 gnolls.

Vanquished Creatures
  2 gnolls (D:2)
  2 dart slugs (D:1)
  2 leopard geckos (D:1)
  2 bats
  6 giant cockroaches
  9 goblins
  2 hobgoblins (D:1)
  8 kobolds
  3 frilled lizards (D:1)
  2 rats (D:1)
38 creatures vanquished.

Notes
Turn   | Place    | Note
-------+----------+-------------------------------------------
     0 | D:1      | teolandon225 the Minotaur Berserker began the quest for the
                  | Orb.
     0 | D:1      | Reached XP level 1. HP: 19/19 MP: 0/0
   109 | D:1      | Reached XP level 2. HP: 27/27 MP: 1/1
   388 | D:1      | You fall into a shaft and drop 1 floor!
   518 | D:1      | Reached XP level 3. HP: 33/33 MP: 2/2
   561 | D:1      | Reached ** piety under Trog
   742 | D:2      | Found a faded altar of an unknown god.
   879 | D:2      | Reached XP level 4. HP: 39/41 MP: 3/3
   886 | D:2      | Slain by a gnoll

Illustrated notes

Levels and vault maps discovered:
D:1:      minmay_arrival_four_houses, layout_loops_ring
D:2:      layout_rooms, chequers_ecumenical_altar_simple_redux

Skill      XL: |  1  2  3 |
---------------+----------+-----
Fighting       | 4 |  4.5
Axes           | 4 |  4.4
Armour         | 3 |  3.0
Dodging        | |  2.8

Action                   |  1- 3 |  4- 6 || total
-------------------------+-------+-------++-------
Melee: Hand axe          |    64 |     4 ||    68
       Headbutt          |     6 |       ||     6
Invok: Berserk           |     1 |       ||     1
       Trog's Hand       |     1 |       ||     1
  Use: Potion            |       |     1 ||     1
Armor: Animal skin       |    11 |       ||    11
Dodge: Dodged            |    72 |     1 ||    73
